 Dungeon Sprint DCSS version 0.31-a0-728-g01b46875f1 (webtiles) character file.

Game seed: 14508768378191667249

6600000 sircluck the Heavyweight Champion (level 27, -115/323 HPs)
             Began as a Troll Berserker on Sept 11, 2023.
             Was the Champion of Makhleb.
             Annihilated by The Servant
             ... wielding a +9 glaive of flaming
              (138 damage)
             ... in the Dungeon (Sprint VIII: "Arena of Blood").
             The game lasted 00:01:54 (66 turns).

sircluck the Heavyweight Champion (Troll Berserker)   Turns: 66, Time: 00:01:55

Health: -115/323   AC:  6    Str: 39    XL:     27
Magic:  27/53      EV: 22    Int:  3    God:    Makhleb [******]
Gold:   0          SH:  0    Dex: 13    Spells: 80/80 levels left

rFire   . . .        h - +∞ Axe of Woe
rCold   . . .        (shield currently unavailable)
rNeg    . . .        a - +0 animal skin
rPois   .            (helmet restricted)
rElec   .            (no cloak)
rCorr   .            (gloves unavailable)
SInv    .            (boots unavailable)
Will    ++...        (no amulet)
Stlth   +++++++++    (no ring)
HPRegen 1.53/turn    (no ring)
MPRegen 0.33/turn

%: no teleportation
@: no status effects
A: large, unfitting armour, claws 3, regeneration 1, shaggy fur 1, tough skin 1
a: Renounce Religion, Minor Destruction, Lesser Servant of Makhleb, Major
Destruction, Greater Servant of Makhleb


You were in the Dungeon.
You worshipped Makhleb.
Makhleb was exalted by your worship.
You visited 1 branch

Inventory:

Hand Weapons
 h - the +∞ Axe of Woe (weapon)
   (You found it in the Dungeon)
Armour
 a - a +0 animal skin (worn)
Scrolls
 g - a scroll of blinking
Potions
 b - a potion of curing
 c - a potion of heal wounds
 d - a potion of haste
 e - 2 potions of magic
 f - a potion of berserk rage


   Skills:
 O Level 27 Fighting
 + Level 24.5(27) Short Blades
 + Level 22.6(26.8) Long Blades
 O Level 27 Axes
 O Level 27 Maces & Flails
 O Level 27 Polearms
 O Level 27 Staves
 + Level 19.4 Ranged Weapons
 + Level 24.4 Throwing
 O Level 27 Armour
 O Level 27 Dodging
 O Level 27 Stealth
 + Level 24.4 Shields
 O Level 27 Unarmed Combat
 O Level 27 Spellcasting
 + Level 21.0 Conjurations
 + Level 19.4 Hexes
 + Level 21.0 Summonings
 + Level 22.6 Necromancy
 + Level 22.7 Translocations
 + Level 22.7 Transmutations
 + Level 22.7 Fire Magic
 + Level 22.7 Ice Magic
 + Level 21.1 Air Magic
 + Level 26.4 Earth Magic
 + Level 22.7 Poison Magic
 O Level 27 Invocations
 + Level 22.7 Evocations
 + Level 26.4 Shapeshifting


You had 80 spell levels left.
You didn't know any spells.
Your spell library was empty.

Dungeon Overview and Level Annotations

Branches:
Dungeon (1/1)

Altars:
Makhleb

Annotations:
D The Servant


Innate Abilities, Weirdness & Mutations

You are too large for most types of armour.
You have claws for hands.
Your natural rate of healing is unusually fast.
You are covered in fur. (AC +1)
You have tough skin. (AC +1)


Message History

The destroyer blinks!
The dread is engulfed in blazing flames.
The dread calls on the powers of darkness!
The bag of meat convulses!
The meat berserker convulses!
Your body is wracked with pain!
* * * LOW HITPOINT WARNING * * *
The bag of meat convulses! x2; The large bag of meat convulses!
Flame seeps out of the large bag of meat.
The meat berserker convulses!
The bag of meat convulses! x2
The Servant convulses!
The bag of meat convulses! x4
You hear a shout!
Your base Short Blades skill increases to level 24!
Your base Long Blades skill increases to level 22!
Your Ranged Weapons skill increases to level 19!
Your Throwing skill increases to level 24!
Your Shields skill increases to level 24!
Your Conjurations skill increases to level 21!
Your Hexes skill increases to level 19!
Your Summonings skill increases to level 21!
Your Necromancy skill increases to level 22!
Your Translocations skill increases to level 22!
Your Transmutations skill increases to level 22!
Your Fire Magic skill increases to level 22!
Your Ice Magic skill increases to level 22!
Your Air Magic skill increases to level 21!
Your Earth Magic skill increases to level 26!
Your Poison Magic skill increases to level 22!
Your Evocations skill increases to level 22!
Your Shapeshifting skill increases to level 26!
Unknown command.
Unknown command.
Unknown command.
Unknown command.
Unknown command.
A bag of meat comes into view. It is wielding a +9 war axe.
A destroyer comes into view. It is wielding a +9 heavy great sword.
The large bag of meat is engulfed in blazing flames.
A bag of meat comes into view. It is wielding a +9 war axe.
The Servant hits you from afar with a +9 glaive of flaming!!!!
You die...

.o.....o....
..o........
..o....§...
....o§§VLo
#o.oV§§o#
#.....o@# .
.###.o.Voo)###o.°.
......###§@)o.Oo..
..§L..O_§)X).M....
....#.))oW#.XX....
. #_.O._#.o.....
#.....#OL.oO.#
...o._......WO..
......###.........
.###.. V.L###.2..
#.. ..#


You could see an accursed, a meat beast (wandering, fast), 3 tyrants, The
Servant, 4 destroyers, a large bag of meat (inner flame), 3 large abominations,
2 dreads, 5 meat berserkers and 20 bags of meat.

Vanquished Creatures
  2 hell beasts (D)
  2 royal mummies (D)
  A wraith (D)
  17 vampire knights (D)
  36 ogres (D)
  6 two-headed ogres (D)
  3 liches (D)
  94 orcs (D)
  5 skeletal warriors (D)
166 creatures vanquished.

Notes
Turn   | Place    | Note
-------+----------+-------------------------------------------
     0 | D        | Found the +∞ Axe of Woe
     0 | D        | sircluck the Troll Berserker began the quest for the Orb.
     0 | D        | Reached XP level 1. HP: 22/22 MP: 0/0
     0 | D        | Noticed a bag of meat
     1 | D        | Noticed a bag of meat
     2 | D        | Noticed a meat berserker
     2 | D        | Noticed a bag of meat
     4 | D        | Fell from the grace of Trog
     4 | D        | Became a worshipper of Makhleb the Destroyer
     4 | D        | Noticed a bag of meat
     5 | D        | Killed a meat berserker
     6 | D        | Reached skill level 15 in Fighting
     6 | D        | Reached XP level 2. HP: 57/57 MP: 1/1
     6 | D        | Reached XP level 3. HP: 65/65 MP: 2/2
     6 | D        | Reached XP level 4. HP: 74/74 MP: 3/3
     6 | D        | Reached XP level 5. HP: 81/81 MP: 4/4
     6 | D        | Reached XP level 6. HP: 91/91 MP: 5/5
     6 | D        | Reached XP level 7. HP: 98/98 MP: 6/6
     6 | D        | Reached XP level 8. HP: 107/107 MP: 7/7
     6 | D        | Reached XP level 9. HP: 115/115 MP: 8/8
     6 | D        | Reached XP level 10. HP: 124/124 MP: 9/9
     6 | D        | Reached XP level 11. HP: 132/132 MP: 10/10
     6 | D        | Noticed a meat berserker
     6 | D        | Killed a bag of meat
     6 | D        | Reached * piety under Makhleb
     6 | D        | Killed a bag of meat
     6 | D        | Noticed a bag of meat
     7 | D        | Reached XP level 12. HP: 148/148 MP: 11/11
     7 | D        | Reached XP level 13. HP: 157/157 MP: 12/12
     7 | D        | Killed a bag of meat
     7 | D        | Noticed a bag of meat
     8 | D        | Noticed a meat berserker
     9 | D        | Killed a meat berserker
     9 | D        | Reached ** piety under Makhleb
     9 | D        | Noticed a bag of meat
     9 | D        | Noticed a meat berserker
    10 | D        | Reached XP level 14. HP: 174/174 MP: 13/13
    10 | D        | Killed a bag of meat
    10 | D        | Noticed a bag of meat
    10 | D        | Noticed a bag of meat
    10 | D        | Noticed a meat berserker
    10 | D        | Noticed a bag of meat
    10 | D        | Noticed a bag of meat
    11 | D        | Killed a meat berserker
    11 | D        | Killed a meat berserker
    11 | D        | Reached *** piety under Makhleb
    11 | D        | Noticed a bag of meat
    11 | D        | Noticed a bag of meat
    11 | D        | Noticed a bag of meat
    12 | D        | Reached XP level 15. HP: 174/192 MP: 14/14
    12 | D        | Noticed a meat berserker
    12 | D        | Noticed a meat berserker
    13 | D        | Killed a meat berserker
    13 | D        | Reached **** piety under Makhleb
    14 | D        | Reached skill level 27 in Unarmed Combat
    14 | D        | Reached XP level 16. HP: 131/210 MP: 15/15
    14 | D        | Killed a meat berserker
    14 | D        | Reached ***** piety under Makhleb
    14 | D        | Noticed a meat berserker
    14 | D        | Noticed a meat berserker
    15 | D        | Noticed a destroyer
    15 | D        | Noticed a destroyer
    15 | D        | Noticed a meat berserker
    16 | D        | Reached skill level 27 in Fighting
    16 | D        | Reached skill level 27 in Dodging
    16 | D        | Reached XP level 17. HP: 174/226 MP: 15/23
    16 | D        | Killed a meat berserker
    16 | D        | Killed a meat berserker
    17 | D        | Killed a meat berserker
    17 | D        | Killed a meat berserker
    17 | D        | Reached ****** piety under Makhleb
    18 | D        | Reached XP level 18. HP: 236/236 MP: 15/32
    18 | D        | Noticed a large bag of meat
    19 | D        | Reached skill level 15 in Axes
    19 | D        | Reached skill level 15 in Armour
    19 | D        | Noticed a meat berserker
    19 | D        | Noticed a meat berserker
    21 | D        | Killed a destroyer
    21 | D        | Noticed a large bag of meat
    21 | D        | Noticed a destroyer
    22 | D        | Reached XP level 19. HP: 245/245 MP: 16/36
    22 | D        | Killed a destroyer
    22 | D        | Noticed a destroyer
    22 | D        | Noticed a meat berserker
    23 | D        | Reached skill level 15 in Stealth
    23 | D        | Reached skill level 15 in Spellcasting
    23 | D        | Killed a destroyer
    23 | D        | Killed a meat berserker
    23 | D        | Noticed a meat berserker
    23 | D        | Noticed a destroyer
    24 | D        | Reached XP level 20. HP: 256/256 MP: 16/40
    24 | D        | Killed a large bag of meat
    25 | D        | Killed a meat berserker
    25 | D        | Killed a destroyer
    25 | D        | Noticed a meat berserker
    26 | D        | Reached XP level 21. HP: 251/265 MP: 17/43
    27 | D        | Reached skill level 27 in Invocations
    30 | D        | Reached skill level 27 in Axes
    30 | D        | Reached skill level 27 in Armour
    30 | D        | Noticed a large bag of meat
    30 | D        | Noticed a large bag of meat
    31 | D        | Killed a destroyer
    31 | D        | Noticed a destroyer
    32 | D        | Reached XP level 22. HP: 275/275 MP: 18/49
    32 | D        | Killed a large bag of meat
    35 | D        | Reached skill level 27 in Stealth
    35 | D        | Reached skill level 27 in Spellcasting
    35 | D        | Reached skill level 5 in Polearms
    35 | D        | Noticed a destroyer
    36 | D        | Reached skill level 10 in Polearms
    36 | D        | Reached XP level 23. HP: 276/284 MP: 19/53
    37 | D        | Reached skill level 15 in Maces & Flails
    37 | D        | Killed a large bag of meat
    37 | D        | Noticed a destroyer
    40 | D        | Killed a destroyer
    40 | D        | Killed a destroyer
    41 | D        | Reached skill level 27 in Maces & Flails
    41 | D        | Reached skill level 27 in Polearms
    41 | D        | Reached XP level 24. HP: 281/295 MP: 20/53
    41 | D        | Noticed a destroyer
    42 | D        | Noticed an accursed
    43 | D        | Reached skill level 27 in Staves
    43 | D        | Reached skill level 1 in Short Blades
    43 | D        | Reached skill level 1 in Long Blades
    43 | D        | Reached skill level 1 in Ranged Weapons
    43 | D        | Reached skill level 1 in Throwing
    43 | D        | Reached skill level 1 in Shields
    43 | D        | Reached skill level 1 in Conjurations
    43 | D        | Reached skill level 1 in Hexes
    43 | D        | Reached skill level 1 in Summonings
    43 | D        | Reached skill level 1 in Necromancy
    43 | D        | Reached skill level 1 in Translocations
    43 | D        | Reached skill level 1 in Transmutations
    43 | D        | Reached skill level 1 in Fire Magic
    43 | D        | Reached skill level 1 in Ice Magic
    43 | D        | Reached skill level 1 in Air Magic
    43 | D        | Reached skill level 1 in Poison Magic
    43 | D        | Reached skill level 1 in Evocations
    43 | D        | Killed a destroyer
    44 | D        | Reached skill level 5 in Long Blades
    44 | D        | Reached skill level 5 in Conjurations
    44 | D        | Reached skill level 5 in Summonings
    44 | D        | Reached skill level 5 in Necromancy
    44 | D        | Reached skill level 5 in Translocations
    44 | D        | Reached skill level 5 in Transmutations
    44 | D        | Reached skill level 5 in Fire Magic
    44 | D        | Reached skill level 5 in Ice Magic
    44 | D        | Reached skill level 5 in Air Magic
    44 | D        | Reached skill level 5 in Poison Magic
    44 | D        | Reached skill level 5 in Evocations
    44 | D        | Reached XP level 25. HP: 279/304 MP: 21/53
    44 | D        | Killed a destroyer
    44 | D        | Noticed a destroyer
    44 | D        | Noticed a destroyer
    45 | D        | Noticed a destroyer
    45 | D        | Noticed a large bag of meat
    46 | D        | Noticed a destroyer
    46 | D        | Killed a large bag of meat
    46 | D        | Noticed a destroyer
    47 | D        | Reached skill level 10 in Long Blades
    47 | D        | Reached skill level 10 in Necromancy
    47 | D        | Reached skill level 10 in Translocations
    47 | D        | Reached skill level 10 in Transmutations
    47 | D        | Reached skill level 10 in Fire Magic
    47 | D        | Reached skill level 10 in Ice Magic
    47 | D        | Reached skill level 10 in Poison Magic
    47 | D        | Reached skill level 10 in Evocations
    47 | D        | Reached XP level 26. HP: 265/314 MP: 22/53
    48 | D        | Reached skill level 10 in Conjurations
    48 | D        | Reached skill level 10 in Summonings
    48 | D        | Reached skill level 10 in Air Magic
    48 | D        | Noticed The Servant
    48 | D        | Noticed a destroyer
    49 | D        | Reached skill level 10 in Ranged Weapons
    49 | D        | Reached skill level 10 in Hexes
    49 | D        | Noticed a tyrant
    49 | D        | Noticed a large bag of meat
    49 | D        | Noticed a destroyer
    49 | D        | Noticed an accursed
    49 | D        | Noticed a destroyer
    50 | D        | Noticed a tyrant
    51 | D        | Reached skill level 15 in Earth Magic
    51 | D        | Reached skill level 15 in Shapeshifting
    51 | D        | Reached XP level 27. HP: 318/323 MP: 23/53
    51 | D        | Noticed a dread
    52 | D        | Reached skill level 15 in Short Blades
    52 | D        | Reached skill level 15 in Throwing
    52 | D        | Reached skill level 15 in Shields
    52 | D        | Killed a destroyer
    53 | D        | Killed a destroyer
    53 | D        | Killed a destroyer
    54 | D        | Reached skill level 15 in Long Blades
    54 | D        | Reached skill level 15 in Necromancy
    54 | D        | Reached skill level 15 in Translocations
    54 | D        | Reached skill level 15 in Transmutations
    54 | D        | Reached skill level 15 in Fire Magic
    54 | D        | Reached skill level 15 in Ice Magic
    54 | D        | Reached skill level 15 in Poison Magic
    54 | D        | Reached skill level 15 in Evocations
    54 | D        | Noticed a tyrant
    55 | D        | Killed a destroyer
    55 | D        | Killed a large bag of meat
    55 | D        | Killed a destroyer
    56 | D        | Reached skill level 15 in Conjurations
    56 | D        | Reached skill level 15 in Summonings
    56 | D        | Noticed a dread
    56 | D        | Noticed a tyrant
    57 | D        | Noticed a meat beast
    57 | D        | Killed a meat beast
    57 | D        | Killed a large bag of meat
    57 | D        | Noticed a destroyer
    58 | D        | Reached skill level 15 in Ranged Weapons
    58 | D        | Reached skill level 15 in Hexes
    58 | D        | Killed a destroyer
    59 | D        | Killed a dread
    59 | D        | Killed a destroyer
    59 | D        | Noticed a meat beast
    59 | D        | Noticed an accursed
    59 | D        | Noticed a destroyer
    60 | D        | Killed a tyrant
    60 | D        | Killed a destroyer
    61 | D        | Killed a tyrant
    62 | D        | Noticed a tyrant
    63 | D        | Killed an accursed
    63 | D        | Noticed a large bag of meat
    63 | D        | Noticed a dread
    64 | D        | Noticed a destroyer
    64 | D        | Noticed a tyrant
    64 | D        | Noticed a tyrant
    65 | D        | Killed an accursed
    65 | D        | Killed a tyrant
    65 | D        | Killed a meat beast
    65 | D        | Noticed a meat beast
    66 | D        | Noticed a destroyer
    66 | D        | Annihilated by The Servant

Illustrated notes

Levels and vault maps discovered:
D:        meatsprint

Skill      XL: |  1  2  3  4  5  6  7  8  9 10 11 12 13 14 15 16 17 18 19 20 21 22 23 24 25 26 27 |
---------------+----------------------------------------------------------------------------------+-----
Fighting       | 15 17 19 22 25 27 | 27.0
Dodging        | 14 17 19 22 25 27 | 27.0
Unarmed Combat | 17 20 22 25 27 | 27.0
Axes           | 6 14 18 22 24 27 | 27.0
Armour         | 6 14 18 22 24 27 | 27.0
Stealth        | 4 11 14 17 19 24 27 | 27.0
Spellcasting   | 4 11 14 17 19 24 27 | 27.0
Invocations    | 7 16 20 24 26 27 | 27.0
Maces & Flails | 11 27 | 27.0
Polearms       | 10 27 | 27.0
Staves         | 18 27 | 27.0
Short Blades   | 6 11 14 24 | 24.5
Long Blades    | 5 10 13 22 | 22.6
Ranged Weapons | 4 8 11 19 | 19.4
Throwing       | 6 11 14 24 | 24.4
Shields        | 6 11 14 24 | 24.4
Conjurations   | 5 9 12 21 | 21.0
Hexes          | 4 8 11 19 | 19.4
Summonings     | 5 9 12 21 | 21.0
Necromancy     | 5 10 13 22 | 22.6
Translocations | 5 10 13 22 | 22.7
Transmutations | 5 10 13 22 | 22.7
Fire Magic     | 5 10 13 22 | 22.7
Ice Magic      | 5 10 13 22 | 22.7
Air Magic      | 5 9 12 21 | 21.1
Earth Magic    | 7 12 15 26 | 26.4
Poison Magic   | 5 10 13 22 | 22.7
Evocations     | 5 10 13 22 | 22.7
Shapeshifting  | 7 12 15 26 | 26.4

Action                     |  1- 3 |  4- 6 |  7- 9 | 10-12 | 13-15 | 16-18 | 19-21 | 22-24 | 25-27 || total
---------------------------+-------+-------+-------+-------+-------+-------+-------+-------+-------++-------
  Melee: Executioner's axe |     1 |       |       |     1 |     6 |     7 |     9 |    12 |    20 ||    56
   Stab: Distracted        |       |       |       |       |       |       |     1 |       |     1 ||     2
 Armour: Animal skin       |       |       |       |       |     4 |     6 |     8 |    14 |    36 ||    68
  Dodge: Dodged            |       |       |       |       |       |     1 |     2 |       |     1 ||     4

Table legend: (Time is in decaauts)
 A = Elapsed time spent in this place.
 B = Non-inter-level travel time spent in this place.
 C = Inter-level travel time spent in this place.
 D = Time resting spent in this place.
 E = Time spent auto-exploring this place.
 F = Levels seen in this place.
 G = Mean time per level.
                   A        B        C        D        E       F      G
               +--------+--------+--------+--------+--------+-----+--------+
         Total |     63 |     63 |      0 |      0 |      0 |   1 |   63.0 |
       Dungeon |     63 |     63 |      0 |      0 |      0 |   1 |   63.0 |
               +--------+--------+--------+--------+--------+-----+--------+

Top non-repeatable levels by time:
       D: 63 daAuts
